 Dungeon Crawl Stone Soup version 0.31-a0-1074-g0b22e4e0f1 (webtiles) character file.

Game seed: 14941460997680137548

229 bmb222 the Covered (level 5, 0/43 (47) HPs)
             Began as a Minotaur Fighter on Nov 28, 2023.
             Killed by nerve-wracking pain
             ... invoked by a shadow imp
              (5 damage)
             ... in a sewer.
             The game lasted 00:02:25 (2437 turns).

bmb222 the Covered (Minotaur Fighter)               Turns: 2437, Time: 00:02:25

HP:   0/43 (47)     AC:  7    Str: 23    XL:     5   Next: 71%
MP:   4/4           EV:  9    Int:  5    God:
Gold: 183           SH:  4    Dex:  9    Spells: 4/4 levels left

rFire   . . .        a - +0 war axe
rCold   . . .        c - +0 buckler
rNeg    . . .        b - +0 scale mail
rPois   .            (helmet restricted)
rElec   .            (no cloak)
rCorr   .            (no gloves)
SInv    .            (no boots)
Will    .....        s - amulet of the acrobat Stlth
                     (no ring)
HPRegen 0.27/turn    (no ring)
MPRegen 0.09/turn

%: acrobat
@: drained
A: horns 2, retaliatory headbutt
a: no special abilities


You were in a sewer.
You visited 1 branch of the dungeon, and saw 4 of its levels.
You also visited: Sewer.

You collected 183 gold pieces.

Inventory:

Hand Weapons
 a - a +0 war axe (weapon)
Missiles
 e - 13 poisoned darts
 m - 5 silver javelins
Armour
 b - a +0 scale mail (worn)
 c - a +0 buckler (worn)
Jewellery
 s - an amulet of the acrobat (around neck)
Wands
 k - a wand of flame (13)
Scrolls
 i - a scroll of noise {unknown}
 j - a scroll of vulnerability {unknown}
 l - 5 scrolls of identify {unknown}
 p - a scroll of poison {unknown}
 q - a scroll of summoning {unknown}
Potions
 d - 3 potions of might
 f - 2 potions of brilliance {unknown}
 g - 2 potions of curing
 h - a potion of ambrosia {unknown}
 n - 2 potions of enlightenment {unknown}
 o - a potion of heal wounds {unknown}
 r - a potion of lignification {unknown}


   Skills:
 + Level 4.8 Fighting
 + Level 4.8 Axes
 + Level 5.1 Armour
 + Level 0.4 Dodging
 + Level 0.1 Stealth
 + Level 4.3 Shields


You had 4 spell levels left.
You didn't know any spells.
Your spell library contained the following spells:

 Spells                   Type           Power      Damage    Failure   Level
 Poisonous Vapours        Pois/Air       0%         N/A       93%         2
 Mephitic Cloud           Conj/Pois/Air  0%         N/A       99%         3
 Freezing Cloud           Conj/Ice/Air   0%         6-21      100%        5


Dungeon Overview and Level Annotations

Branches:
Dungeon (4/15)              Sewer (1/1)
 Temple: D:4-7

Altars:
Yredelemnul

Shops:
D:3 (


Innate Abilities, Weirdness & Mutations

You have a pair of horns on your head.
You reflexively headbutt those who attack you in melee.


Message History

The shadow imp hits you but does no damage.
You block the kobold's attack.
You closely miss the kobold. You headbutt the kobold.
You kill the kobold!
You hit the shadow imp.
The shadow imp hits you but does no damage.
You barely miss the shadow imp.
The shadow imp is moderately wounded.
You hit the wight. The wight hits you with a +0 falchion.
The shadow imp hits you.
You barely miss the wight. Your headbutt misses the wight.
The wight is moderately damaged.
You barely miss the shadow imp. The wight barely misses you.
The shadow imp hits you. You block the shadow imp's attack.
The wight closely misses you. You furiously retaliate!
You headbutt the wight. You barely miss the wight.
Your headbutt misses the wight.
The wight is heavily damaged.
You hit the shadow imp. The wight hits you with a +0 falchion.
You feel drained.
The shadow imp hits you but does no damage.
You barely miss the wight.
The wight is heavily damaged.
You hit the shadow imp but do no damage.
The wight hits you with a +0 falchion! The shadow imp gestures at you.
Pain shoots through your body!
* * * LOW HITPOINT WARNING * * *
It was a potion of curing.
You feel better. The wight hits you with a +0 falchion!
* * * LOW HITPOINT WARNING * * *
You feel drained.
* * * LOW HITPOINT WARNING * * *
The shadow imp grinds its teeth.
The shadow imp hits you but does no damage.
You feel better. The wight hits you with a +0 falchion.
* * * LOW HITPOINT WARNING * * *
You feel drained. The shadow imp gestures at you.
Pain shoots through your body!
You die...

##+++##
##.....#########
#..⌠.⌠..#≈≈≈≈≈≈##
+.......'......)#
+.⌠._.⌠.'.5....)[
+.......'@z....!#
#...⌠...#≈≈≈≈≈≈##
###..)##########
###########)########
≈≈#≈~≈≈~≈#...#≈≈≈~≈≈
~~≈≈~~~.~).†..~~...~
#......#...#......
#'#######≈#######+#
#......#≈≈≈#......#


You could see a wight and a shadow imp.

Vanquished Creatures
  A wight (Sewer)
  Jessica (D:2)
  2 adders (D:2)
  3 shadow imps (Sewer)
  An ufetubus (Sewer)
  4 dart slugs
  2 worms
  2 orcs (D:3)
  6 endoplasms
  6 giant cockroaches
  3 goblins (D:1)
  12 hobgoblins
  2 jackals (D:1)
  15 kobolds
  7 quokkas
  8 ball pythons
  6 bats
  A frilled lizard (D:1)
  A giant cockroach zombie (Sewer)
  8 rats
91 creatures vanquished.

Notes
Turn   | Place    | Note
-------+----------+-------------------------------------------
     0 | D:1      | bmb222 the Minotaur Fighter began the quest for the Orb.
     0 | D:1      | Reached XP level 1. HP: 19/19 MP: 0/0
   124 | D:1      | Reached XP level 2. HP: 27/27 MP: 1/1
   187 | D:1      | Reached skill level 4 in Armour
   274 | D:1      | Reached XP level 3. HP: 30/33 MP: 2/2
   978 | D:2      | Noticed Jessica
   982 | D:2      | Killed Jessica
   983 | D:2      | Reached XP level 4. HP: 41/41 MP: 3/3
  1810 | D:3      | Found a basalt altar of Yredelemnul.
  1984 | D:3      | Found Afulu's Antique Weapon Shoppe.
  2175 | D:4      | Found a glowing drain.
  2193 | D:4      | Reached XP level 5. HP: 44/47 MP: 4/4
  2197 | Sewer    | Entered a sewer
  2366 | Sewer    | Found an ancient bone altar of Kikubaaqudgha.
  2378 | Sewer    | Reached skill level 5 in Armour
  2437 | Sewer    | Killed from afar by a shadow imp

Illustrated notes

Levels and vault maps discovered:
D:1:      minmay_arrival_radiant_lines, layout_rooms, hangedman_glass_teeth,
          minmay_misc_feat_room, hangedman_decor_push
D:2:      kb_forest_paths, layout_basic, uniq_jessica
D:3:      layout_loops_ring, mainiacjoe_overflow_surrounded_room, serial_shops,
          shop, serial_bayou_pond_e
D:4:      layout_loops_ring, gup_sewer_entry_pipe
Sewer:    kennysheep_sewer_church

Skill      XL: |  1  2  3  4  5 |
---------------+----------------+-----
Armour         | 4 5 |  5.1
Fighting       | 4 |  4.8
Shields        | 4 |  4.3
Axes           | 3 4 |  4.8
Dodging        | |  0.4
Stealth        | |  0.1

Action                     |  1- 3 |  4- 6 || total
---------------------------+-------+-------++-------
  Melee: War axe           |    78 |   104 ||   182
         Headbutt          |     8 |    16 ||    24
    Use: Potion            |       |     2 ||     2
 Armour: Scale mail        |    45 |    69 ||   114
  Dodge: Dodged            |    38 |    49 ||    87
  Block: Buckler           |    13 |    25 ||    38

Table legend: (Time is in decaauts)
 A = Elapsed time spent in this place.
 B = Non-inter-level travel time spent in this place.
 C = Inter-level travel time spent in this place.
 D = Time resting spent in this place.
 E = Time spent auto-exploring this place.
 F = Levels seen in this place.
 G = Mean time per level.
                   A        B        C        D        E       F      G
               +--------+--------+--------+--------+--------+-----+--------+
         Total |   2509 |   2419 |     90 |      0 |   1907 |   5 |  501.8 |
       Dungeon |   2254 |   2164 |     90 |      0 |   1742 |   4 |  563.5 |
         Sewer |    255 |    255 |      0 |      0 |    165 |   1 |  255.0 |
               +--------+--------+--------+--------+--------+-----+--------+

Top non-repeatable levels by time:
     D:2: 931 daAuts
     D:3: 684 daAuts
     D:1: 568 daAuts
   Sewer: 255 daAuts
     D:4: 69 daAuts
